 Dungeon Sprint DCSS version 0.31.0-1-g2c135a0 (webtiles) character file.

Game seed: 11941675944631250658

240 PurpleRed the Destroyer (level 5, -4/33 HPs)
             Began as a Deep Elf Conjurer on Mar 8, 2024.
             Was an Initiate of Vehumet.
             Shot with a bolt by a yaktaur (25 damage)
             ... in the Dungeon (Sprint II: "The Violet Keep of Menkaure").
             The game lasted 00:02:25 (167 turns).

PurpleRed the Destroyer (Deep Elf Conjurer)          Turns: 167, Time: 00:02:25

Health: -4/33      AC:  2    Str:  4    XL:     5   Next: 79%
Magic:  17/17      EV: 12    Int: 25    God:    Vehumet [......]
Gold:   243        SH:  0    Dex: 13    Spells: 8/19 levels left

rFire   . .          .
                       - Unarmed
rCold   . . .        (no shield)
rNeg    . . .        a - +0 robe
rPois   .            (no helmet)
rElec   .            (no cloak)
rCorr   .            (no gloves)
SInv    .            (no boots)
Will    .....        (no amulet)
Stlth   ++           (no ring)
HPRegen 0.25/turn    (no ring)
MPRegen 0.15/turn

%: no teleportation
@: no status effects
A: no striking features
a: Renounce Religion


You were in the Dungeon.
You worshipped Vehumet.
Vehumet was noncommittal.
You visited 1 branch You collected 243 gold pieces.

Inventory:

Armour
 a - a +0 robe (worn)
Scrolls
 g - a scroll of blinking
Potions
 b - 3 potions of magic


   Skills:
 - Level 4.0 Fighting
 - Level 2.4 Dodging
 - Level 2.4 Stealth
 - Level 4.0 Unarmed Combat
 + Level 7.8 Spellcasting
 * Level 9.8 Conjurations


You had 8 spell levels left.
You knew the following spells:

 Your Spells              Type           Power      Damage    Failure   Level
a - Magic Dart            Conj           100%       1d8       1%          1
b - Searing Ray           Conj           100%       2d8       1%          2
c - Fulminant Prism       Conj/Alch      17%        3d11      9%          4
d - Iskenderun's Mystic   Conj/Tloc      34%        2d8       9%          4

Your spell library contained the following spells:

 Spells                   Type           Power      Damage    Failure   Level


Dungeon Overview and Level Annotations

Branches:
Dungeon (1/1)

Altars:
Cheibriados
Dithmenos
Elyvilon
Fedhas
Gozag
Hepliaklqana
Kikubaaqudgha
Makhleb
Nemelex Xobeh
Okawaru
Qazlal
Ru
Sif Muna
Trog
Uskayaw
Vehumet
Wu Jian
Xom
Yredelemnul
Zin
The Shining One
Jiyva
Lugonu

Annotations:
D exclusion: ice statue


Message History

Found four items.
Found 5 stones and a smoky ruby potion.
Found 9 gold pieces.
There is a burning altar of Makhleb here.
There is a radiant altar of Vehumet here.
You kneel at the altar of Vehumet.
Vehumet welcomes you!
Unknown command.
Press < or > to pray at altars.
There is a hide-covered altar of Uskayaw here.
There is a bloodstained altar of Trog here.
There is a shimmering blue altar of Sif Muna here.
There is a sacrificial altar of Ru here.
The stone wall disappears!
There is a stormy altar of Qazlal here.
The hornet buzzes angrily.
The polar bear growls angrily.
There is a stormy altar of Qazlal here.
There is an ornate altar of the Wu Jian Council here.
Marking area around an ice statue as unsafe for travelling.
There is a shimmering altar of Xom here.
There is a bloodstained altar of Trog here.
The yaktaur shouts!
Found 4 gold pieces.
The weeping skull gives a chilling moan. x2
Found a scale mail, 19 gold pieces and a mace.
Found four items.
Okay, then.
Okay, then.
There is a roughly hewn altar of Beogh here.
A yaktaur opens the door.
There is a roughly hewn altar of Beogh here.
There is a roughly hewn altar of Beogh here.
There is a roughly hewn altar of Beogh here.
The yaktaur wields a +0 arbalest.
The yaktaur shoots a bolt.
The bolt hits you!!
Ouch! That really hurt!
You hear an angry growl.
You feel better.
The yaktaur shoots a bolt.
The bolt hits you!!
Ouch! That really hurt!
You die...

...# ...# ###..## #..#
.#▓$)($!$!)▓▓ ##.##..# +.^#
.#▓?![)$$$)▓▓ #...#..# #..#
.#▓$?[[?!$[▓
†.##'..####.^##.#▓)$)$?($$
#...#....###...##▓▓▓▓▓▓▓+▓▓
##.##......~~~~hy~~~~~~~..
###~~.....~#c########+###
#~~~~~~§§.~#.._@....#l§~##
#~~~~§~§~.~#._._....#l§≈≈#
#~~~§§§§~~~~#_._._...#l~§~§#
~~~~§≈≈§§~§~#._._._..#§§§≈≈§
++#~≈§§§≈§§~#_._._._.#~~~§~≈
##≈≈≈###≈≈#._._._._#~~§~§~
#§≈#_._._._.#~~§§§≈
#§§#..._._._#~≈§§▓▓
§≈≈§##########~≈≈≈▓z


You could see a polar bear, a yaktaur, a hornet and 3 crocodiles.

Vanquished Creatures
  4 necrophages (D)
4 creatures vanquished.

Vanquished Creatures (others)
  A crocodile (D)
1 creature vanquished.

Grand Total: 5 creatures vanquished

Notes
Turn   | Place    | Note
-------+----------+-------------------------------------------
     0 | D        | PurpleRed the Deep Elf Conjurer began the quest for the
                  | Orb.
     0 | D        | Reached XP level 1. HP: 10/10 MP: 6/6
     2 | D        | Noticed a necrophage
     2 | D        | Noticed a necrophage
     2 | D        | Noticed a necrophage
     2 | D        | Noticed a necrophage
    17 | D        | Killed a necrophage
    18 | D        | Reached skill level 5 in Spellcasting
    18 | D        | Reached skill level 6 in Conjurations
    18 | D        | Reached XP level 2. HP: 11/18 MP: 5/10
    18 | D        | Reached XP level 3. HP: 13/22 MP: 5/11
    23 | D        | Killed a necrophage
    24 | D        | Reached skill level 7 in Conjurations
    24 | D        | Reached XP level 4. HP: 12/28 MP: 7/14
    28 | D        | Killed a necrophage
    29 | D        | Reached skill level 8 in Conjurations
    29 | D        | Reached XP level 5. HP: 6/33 MP: 7/16
    39 | D        | Reached skill level 9 in Conjurations
    45 | D        | Noticed a crocodile
    48 | D        | Found a stormy altar of Qazlal.
    50 | D        | Killed a crocodile
    99 | D        | Found a hazy altar of Hepliaklqana.
    99 | D        | Found a sacrificial altar of Ru.
    99 | D        | Found an ornate altar of the Wu Jian Council.
   100 | D        | Found a viscous altar of Jiyva.
   100 | D        | Found a shimmering blue altar of Sif Muna.
   101 | D        | Found a snail-covered altar of Cheibriados.
   101 | D        | Found an ancient bone altar of Kikubaaqudgha.
   101 | D        | Found a shimmering altar of Xom.
   101 | D        | Found a bloodstained altar of Trog.
   102 | D        | Found a shadowy altar of Dithmenos.
   102 | D        | Found a corrupted altar of Lugonu.
   103 | D        | Found a white marble altar of Elyvilon.
   103 | D        | Found a burning altar of Makhleb.
   104 | D        | Found a blossoming altar of Fedhas.
   106 | D        | Found an opulent altar of Gozag.
   106 | D        | Found a glowing golden altar of the Shining One.
   106 | D        | Found a basalt altar of Yredelemnul.
   106 | D        | Found a hide-covered altar of Uskayaw.
   106 | D        | Found a sparkling altar of Nemelex Xobeh.
   107 | D        | Found a glowing silver altar of Zin.
   107 | D        | Found a radiant altar of Vehumet.
   107 | D        | Found an iron altar of Okawaru.
   112 | D        | Learned a level 2 spell: Searing Ray
   117 | D        | Learned a level 4 spell: Fulminant Prism
   122 | D        | Learned a level 4 spell: Iskenderun's Mystic Blast
   123 | D        | Noticed a crocodile
   124 | D        | Noticed a crocodile
   129 | D        | Became a worshipper of Vehumet
   135 | D        | Noticed a polar bear
   135 | D        | Noticed a hornet
   135 | D        | Noticed a polar bear
   139 | D        | Noticed an ice statue
   145 | D        | Noticed a yaktaur
   147 | D        | Noticed a crocodile
   154 | D        | Noticed a polar bear
   167 | D        | Shot with a bolt by a yaktaur

Illustrated notes

Levels and vault maps discovered:
D:        the_violet_keep_of_menkaure [sprint2_stairs_cluster_1,
          sprint2_shoproom, sprint2_temple, sprint2_basic_supplies,
          sprint2_obstacle_7, sprint2_obstacle_2, sprint2_obstacle_5,
          sprint2_obstacle_6, sprint2_obstacle_3, sprint2_timed_cluster_1,
          sprint2_smallroom_cluster_1, sprint2_smallroom_final_cluster_1,
          sprint2_transparent_cluster_1, sprint2_second_timed_cluster_1,
          sprint2_sniper_area_1, sprint2_heavy_combat_area_1,
          sprint2_mutation_trap_area_1, sprint2_forest_area_1,
          sprint2_light_combat_area_1, sprint2_behind_water_1,
          sprint2_near_end_vault_1]

Skill      XL: |  1  2  3  4  5 |
---------------+----------------+-----
Fighting       | 2 3 4 |  4.0
Unarmed Combat | 2 3 4 |  4.0
Spellcasting   | 5 6 7 |  7.8
Conjurations   | 6 7 8 9 |  9.8
Dodging        | |  2.4
Stealth        | |  2.4

Action                     |  1- 3 |  4- 6 || total
---------------------------+-------+-------++-------
  Melee: Unarmed           |    18 |     5 ||    23
   Cast: Magic Dart        |     2 |     8 ||    10
    Use: Potion            |     2 |     2 ||     4
 Armour: Robe              |     5 |     7 ||    12
  Dodge: Dodged            |     5 |     5 ||    10
